 Dungeon Crawl Stone Soup version 0.30.1-11-g7821555f0a (webtiles) character file.

Game seed: 8492318193777696593

53 lembark the Conjurer (level 3, -4/21 HPs)
             Began as an Octopode Conjurer on Dec 7, 2023.
             Killed from afar by Jessica (5 damage)
             ... with a puff of flame
             ... on level 2 of the Dungeon.
             The game lasted 00:04:07 (1940 turns).

lembark the Conjurer (Octopode Conjurer)            Turns: 1940, Time: 00:04:08

Health: -4/21      AC:  1    Str:  6    XL:     3   Next: 89%
Magic:  3/8        EV: 13    Int: 22    God:
Gold:   86         SH:  0    Dex: 10    Spells: 3/9 levels left

rFire   . . .        b - +0 whip
rCold   . . .        (no shield)
rNeg    . . .        (helmet restricted)
rPois   .            (no amulet)
rElec   .            d - ring of willpower
rCorr   .            (no ring)
SInv    .            (no ring)
Will    +....        (no ring)
Stlth   +++          (no ring)
HPRegen 0.23/turn    (no ring)
MPRegen 0.11/turn    (no ring)
                     (no ring)

%: no passive effects
@: lethally poisoned (-4 -> -6)
A: almost no armour, amphibious, 8 rings, camouflage 1, gelatinous body 1,
(nimble swimmer 1), tentacles
a: no special abilities


You were on level 2 of the Dungeon.
You visited 1 branch of the dungeon, and saw 2 of its levels.

You collected 86 gold pieces.

Inventory:

Hand Weapons
 a - a +0 dagger
 b - a +0 whip (weapon)
Missiles
 Z - 5 poisoned darts (quivered)
Jewellery
 d - a ring of willpower (left tentacle)
Scrolls
 c - a scroll of immolation
 e - 2 scrolls of identify
Potions
 f - a potion of magic
 g - a potion of haste
 j - a potion of flight


   Skills:
 - Level 2.0 Dodging
 - Level 2.6 Stealth
 * Level 3.8 Spellcasting
 - Level 4.0 Conjurations


You had 3 spell levels left.
You knew the following spells:

 Your Spells              Type           Power      Damage    Failure   Level
a - Magic Dart            Conj           84%        1d7       2%          1
d - Dazzling Flash        Conj/Hex       26%        N/A       16%         3
r - Searing Ray           Conj           42%        2d6       3%          2

Your spell library contained the following spells:

 Spells                   Type           Power      Damage    Failure   Level
 Fulminant Prism          Conj/Hex       6%         3d7       45%         4
 Iskenderun's Mystic Bla  Conj/Tloc      13%        2d5       45%         4


Dungeon Overview and Level Annotations

Branches:
Dungeon (2/15)

Altars:

Shops:
D:2 *

Annotations:
D:2 Jessica


Innate Abilities, Weirdness & Mutations

You cannot wear most types of armour.
You are amphibious.
You can wear up to eight rings at the same time.
Your skin changes colour to match your surroundings (Stealth+).
Your rubbery body absorbs attacks. (AC +1, EV +1)
((You are camouflaged when in or above water. (Stealth+)))
You have tentacles for arms and can constrict up to eight enemies at once.


Message History

Jessica gestures wildly while chanting.
Jessica blinks!
The adder attacks as you move away! The adder bites you.
You are lethally poisoned!
The adder poisons you!
Found a scroll of magic mapping.
* * * LOW HITPOINT WARNING * * *
You feel sick. The adder bites you.
* * * LOW HITPOINT WARNING * * *
The adder attacks as you move away! The adder misses you.
* * * LOW HITPOINT WARNING * * *
You feel sick.
Unknown command.
Okay, then.
Unknown command.
Casting: Magic Dart (safe; 2% risk of failure)
Confirm with . or Enter, or press ? or * to list all spells.
Aiming: Searing Ray (safe; 3% risk of failure)
Press: ? - help, Shift-Dir - straight line, f - adder
Aim: an adder (63% to hit)
The searing ray hits the adder!
You kill the adder!
The searing ray hits the endoplasm!
You kill the endoplasm! (Press . to maintain the ray.)
* * * LOW HITPOINT WARNING * * *
You feel sick.
The searing ray hits the frilled lizard!
You kill the frilled lizard!
* * * LOW HITPOINT WARNING * * *
You feel sick.
The searing ray hits Jessica.
Jessica is heavily wounded.
* * * LOW HITPOINT WARNING * * *
You feel sick.
Jessica drinks a potion.
Jessica is healed!
The searing ray hits Jessica.
Jessica is moderately wounded.
You finish channelling your searing ray.
* * * LOW HITPOINT WARNING * * *
You feel sick.
Jessica zaps a wand.
The puff of flame hits you.
You die...

,,,,,,,,,,,,,,,**,,**#.#
,**,*****,##*#.***##.,,*
,**,* **,,.##.###..,***
***+****,,,,....S..#**
~~~,~~~**,,,,.....?#
~~,,,~~*,,,,,,.....*
~,,*,,~*,*,,,,>...,*
~,***,~********#.#**
~,,*,,~* #@# ~~,,,~~* #†#
~~~,~~~* #####†####
***+**** #...$@...#
***,**,*####........######
,,,,,,,,........#.#......#
********,........∩..#####*
,,,,,,,,,###....#.#.#
********** #........#


You could see Jessica and a ball python (asleep).

Vanquished Creatures
  An adder (D:2)
  A gnoll (D:1)
  3 bats (D:1)
  4 endoplasms
  2 giant cockroaches
  4 goblins
  2 hobgoblins (D:2)
  2 jackals (D:2)
  A quokka (D:1)
  3 ball pythons
  3 frilled lizards
  2 kobolds
  4 rats
32 creatures vanquished.

Notes
Turn   | Place    | Note
-------+----------+-------------------------------------------
     0 | D:1      | lembark the Octopode Conjurer began the quest for the Orb.
     0 | D:1      | Reached XP level 1. HP: 11/11 MP: 3/3
    43 | D:1      | Reached XP level 2. HP: 13/17 MP: 2/5
    52 | D:1      | Learned a level 2 spell: Searing Ray
   784 | D:1      | Reached XP level 3. HP: 21/21 MP: 5/7
   791 | D:1      | Learned a level 3 spell: Dazzling Flash
  1145 | D:2      | Found a faded altar of an unknown god.
  1927 | D:2      | Found Duedenua's Assorted Antiques.
  1927 | D:2      | Noticed Jessica
  1940 | D:2      | HP: 1/21 [poisoned by an adder]
  1940 | D:2      | Killed from afar by Jessica

Illustrated notes

Levels and vault maps discovered:
D:1:      eino_arrival_tree_alley, layout_loops_ring
D:2:      layout_rooms, serial_shops, nicolae_shop_crystal,
          ebering_ecumenical_altar_webs, kennysheep_generic_room_8, uniq_jessica

Skill      XL: |  1  2 |
---------------+-------+-----
Spellcasting   | 3 |  3.8
Dodging        | |  2.0
Stealth        | |  2.6
Conjurations   | |  4.0

Action                     || total
---------------------------++-------
  Melee: Unarmed           ||     9
         Tentacles         ||     4
         Constrict         ||     3
         Whip              ||     1
   Cast: Magic Dart        ||    48
         Searing Ray       ||     2
    Use: Scroll            ||     7
   Stab: Sleeping          ||     1
  Dodge: Dodged            ||    17
